 Dungeon Crawl Stone Soup version 0.30-a0-534-gdc55766716 (webtiles) character file.

Game seed: 10003030046722976218

33856 drugrobin the Brawler (level 13, -2/156 HPs)
             Began as a Demigod Delver on Dec 24, 2022.
             Slain by a seven-headed hydra (5 damage)
             ... on level 4 of the Lair of Beasts.
             The game lasted 00:57:41 (14781 turns).

drugrobin the Brawler (Demigod Delver)             Turns: 14781, Time: 00:57:41

Health: -2/156     AC: 10    Str: 25    XL:     13   Next: 9%
Magic:  15/17      EV: 14    Int: 22    God:
Gold:   358        SH:  0    Dex: 15    Spells: 3/13 levels left

rFire   . . .      SeeInvis +      - Unarmed
rCold   . . .      Faith    .    (no shield)
rNeg    . . .      Spirit   .    g - +0 troll leather armour
rPois   .          Reflect  .    z - +0 helmet
rElec   +          Harm     .    v - +0 cloak
rCorr   .          Rampage  .    i - +0 pair of gloves
Will    +....                    F - +0 pair of boots Stlth
                                 (no amulet)
HPRegen 1.26/turn                Q - +4 ring of protection
MPRegen 0.15/turn                X - ring "Libat" {Drain rElec Int+6 SInv Stlth+}

@: berserking, very quick
A: high MP 1, forlorn, divine attributes, deformed body
a: no special abilities


You were on level 4 of the Lair of Beasts.
You visited 2 branches of the dungeon, and saw 16 of its levels.
You also visited: Ossuary.

You collected 862 gold pieces.
You spent 504 gold pieces at shops.

Inventory:

Hand Weapons
 U - a +2 scimitar of flaming
Missiles
 j - a throwing net
 D - 2 curare-tipped darts
 T - 10 javelins
Armour
 g - a +0 troll leather armour (worn)
 i - a +0 pair of gloves (worn)
 p - a +2 robe of cold resistance
 v - a +0 cloak (worn)
 z - a +0 helmet (worn)
 F - a +0 pair of boots (worn)
Jewellery
 H - a ring of fire
 M - a ring of fire
 Q - a +4 ring of protection (left hand)
 X - the ring "Libat" (right hand) {Drain rElec Int+6 SInv Stlth+}
   (You bought it in a shop on level 10 of the Dungeon)

   [ring of see invisible]

   Int:       It affects your intelligence (+6).
   rElec:     It insulates you from electricity.
   SInv:      It lets you see invisible.
   Drain:     It drains your maximum health when unequipped.
   Stlth:     It makes you more stealthy.
Wands
 f - a wand of digging (2)
 k - a wand of light (6)
 l - a wand of charming (16)
 o - a wand of iceblast (11)
 s - a wand of flame (4) (quivered)
 y - a wand of polymorph (21)
Scrolls
 a - 3 scrolls of amnesia
 b - 3 scrolls of acquirement {unknown}
 c - 7 scrolls of magic mapping
 d - 2 scrolls of fear
 q - a scroll of identify
 r - 9 scrolls of teleportation
 u - 2 scrolls of butterflies
 B - 2 scrolls of torment
 I - 3 scrolls of poison
 K - 3 scrolls of vulnerability
 L - 2 scrolls of fog
 P - 3 scrolls of immolation
 Z - a scroll of blinking {unknown}
Potions
 e - 6 potions of haste
 h - a potion of berserk rage
 m - 5 potions of flight
 n - 7 potions of curing
 t - 6 potions of lignification
 w - 3 potions of ambrosia {unknown}
 x - a potion of invisibility {unknown}
 A - 4 potions of heal wounds
 C - 5 potions of cancellation
 E - a potion of might {unknown}
 J - a potion of attraction {unknown}
 N - 2 potions of resistance {unknown}
 O - 4 potions of mutation {unknown}
 R - a potion of brilliance {unknown}
Miscellaneous
 G - a phantom mirror (inert)


   Skills:
 - Level 6.8 Fighting
 - Level 6.3 Dodging
 - Level 4.5 Stealth
 * Level 15.8 Unarmed Combat
 - Level 0.7 Spellcasting
 * Level 11.3 Transmutations


You had 3 spell levels left.
You knew the following spells:

 Your Spells              Type           Power      Damage    Failure   Level
a - Ozocubu's Armour      Ice            0%         N/A       47%         3
b - Blade Hands           Tmut           25%        N/A       4%          5
c - Passwall              Tmut/Erth      20%        N/A       2%          2

Your spell library contained the following spells:

 Spells                   Type           Power      Damage    Failure   Level
 Spider Form              Tmut/Pois      25%        N/A       5%          3
 Foxfire                  Conj/Fire      0%         2x1d4     19%         1
 Sandblast                Erth           0%         2d4       19%         1
 Ensorcelled Hibernation  Hex/Ice        0%         N/A       26%         2
 Hailstorm                Conj/Ice       0%         3d3       47%         3
 Inner Flame              Hex/Fire       0%         N/A       47%         3
 Stone Arrow              Conj/Erth      0%         3d7       47%         3
 Ice Form                 Ice/Tmut       25%        N/A       17%         4
 Anguish                  Hex/Necr       0%         N/A       87%         4
 Animate Armour           Summ/Erth      0%         N/A       87%         4
 Flame Wave               Conj/Fire      0%         2d4       87%         4
 Manifold Assault         Tloc           0%         N/A       87%         4
 Sticky Flame             Conj/Fire      0%         2d3       87%         4
 Fireball                 Conj/Fire      0%         3d3       99%         5
 Iskenderun's Battlesphe  Conj           0%         2d6       99%         5
 Summon Forest            Summ/Tloc      0%         N/A       99%         5
 Summon Mana Viper        Hex/Summ       0%         N/A       99%         5
 Conjure Ball Lightning   Conj/Air       0%         3x3d6     100%        6
 Dispersal                Tloc           0%         N/A       100%        6
 Iron Shot                Conj/Erth      0%         9d1       100%        6
 Simulacrum               Ice/Necr       0%         N/A       100%        6
 Starburst                Conj/Fire      0%         6d3       100%        6
 Summon Cactus Giant      Summ           0%         N/A       100%        6
 Orb of Destruction       Conj           0%         9d5       100%        7
 Ozocubu's Refrigeration  Ice            0%         4d7       100%        7
 Disjunction              Tloc           0%         N/A       100%        8


Dungeon Overview and Level Annotations

Branches:
Dungeon (11/15)            Temple (0/1) D:7            Lair (5/5) D:9
  Swamp (0/4) Lair:2        Snake (0/4) Lair:3        Slime (0/5) Lair:5
    Orc (0/2) D:9         Ossuary (visited)

Shops:
D:2 (   D:10 =

Annotations:
D:10 exclusion: upstairs
D:11 Erolcha


Innate Abilities, Weirdness & Mutations

You have an increased reservoir of magic. (+10% MP)
You shall have no god before yourself.
Your divine heritage dramatically boosts your attributes as you level up.
Armour fits poorly on your strangely shaped body.


Message History

Unknown command.
Unknown command.
Unknown command.
Unknown command.
You punch the seven-headed hydra!
The seven-headed hydra is severely wounded.
The seven-headed hydra bites you.
* * * LOW HITPOINT WARNING * * *
The seven-headed hydra bites you!
* * * LOW HITPOINT WARNING * * *
The seven-headed hydra bites you but does no damage.
The seven-headed hydra bites you!
* * * LOW HITPOINT WARNING * * *
The seven-headed hydra bites you but does no damage.
The seven-headed hydra closely misses you.
The seven-headed hydra bites you!
* * * LOW HITPOINT WARNING * * *
Unknown command.
Unknown command.
Unknown command.
Unknown command.
Unknown command.
Unknown command.
You barely miss the seven-headed hydra.
The seven-headed hydra is severely wounded.
The blink frog blinks!
Unknown command.
Unknown command.
Unknown command.
Unknown command.
Unknown command.
You punch the seven-headed hydra!
The seven-headed hydra is almost dead.
The seven-headed hydra bites you but does no damage.
The seven-headed hydra closely misses you.
The seven-headed hydra bites you!
* * * LOW HITPOINT WARNING * * *
The seven-headed hydra barely misses you.
The seven-headed hydra bites you.
You die...

....#..#...##....#.....#......#
...##†#.#..##.+###.######....##
...#......##....[#.#.....##...##
.##..####.#.#...#....##...#....#
........÷.#.#...#............###
..#...8...'.÷.8.......8........#
..........#.....#.........+....#
....##.##.#.......#...#...#....#
..#......#......@###.....##....##
....#.####.###+D## .###..#.....P#
......^.....#..Y##.............P#
......[....#§..................P#
............8.>.8#.............##
...........#.....#.............#
............#.8.#..............#
............###.............)..#
...............................#


You could see a seven-headed hydra and a yak.

Vanquished Creatures
  Gastronok (D:8)
  Fannar (Lair:3)
  A hydra (Lair:3)
  Erica (D:8)
  A boulder beetle (D:11)
  3 two-headed ogres
  Urug (Lair:3)
  A lindwurm (Lair:3)
  2 wolf spiders (Lair:4)
  A will-o-the-wisp (Lair:2)
  3 elephants (Lair:3)
  2 black mambas
  Maggie (Lair:2)
  13 cane toads
  A rime drake (Lair:4)
  5 komodo dragons
  3 trolls
  Grinder (D:5)
  12 blink frogs
  Prince Ribbit (D:9)
  A hornet (D:8)
  A shadow (D:9)
  3 wyverns
  A wraith (D:10)
  31 yaks
  6 basilisks
  2 steam dragons
  Menkaure (D:5)
  4 nagas (Lair:3)
  A two-headed ogre zombie (D:9)
  Duvessa (D:4)
  11 water moccasins
  4 black bears
  An orc warrior (D:7)
  A sky beast (D:7)
  3 ice beasts
  2 ogres
  14 wolves
  5 centaurs
  3 phantoms
  2 kobold brigands
  20 bullfrogs
  5 scorpions
  8 wights
  2 troll zombies (D:9)
  Dowan (D:4)
  15 killer bees
  An electric eel (D:8)
  3 howler monkeys
  13 orc priests
  7 hounds
  3 gnoll boudas
  Jessica (D:2)
  9 orc wizards
  5 ogre zombies (D:9)
  5 mummies
  Robin (D:3)
  18 gnolls
  8 adders
  A white imp (D:8)
  An ufetubus (D:5)
  3 worms
  2 dart slugs
  25 orcs
  5 bats
  6 endoplasms
  2 giant cockroaches
  5 gnoll zombies (Ossuary)
  11 goblins
  9 hobgoblins
  2 jackals (D:2)
  9 kobolds
  4 quokkas
  7 ball pythons
  4 frilled lizards
  2 gnoll skeletons (Ossuary)
  7 goblin skeletons
  5 goblin zombies
  8 hobgoblin skeletons
  4 hobgoblin zombies
  6 kobold skeletons (Ossuary)
  8 orc skeletons
  19 orc zombies
  2 rats
  5 rat skeletons (Ossuary)
  6 rat zombies (Ossuary)
446 creatures vanquished.

Vanquished Creatures (collateral kills)
  A hydra (Lair:4)
1 creature vanquished.

Vanquished Creatures (others)
  An orc (D:11)
  4 foxfires (Lair:2)
  45 fungi
  63 plants
113 creatures vanquished.

Grand Total: 560 creatures vanquished

Notes
Turn   | Place    | Note
-------+----------+-------------------------------------------
     0 | D:5      | drugrobin the Demigod Delver began the quest for the Orb.
     0 | D:5      | Reached XP level 1. HP: 18/18 MP: 3/3
     5 | D:5      | Noticed a hound
    13 | D:5      | Noticed a scorpion
    34 | D:6      | Killed a hound
    35 | D:6      | Reached skill level 3 in Unarmed Combat
    35 | D:6      | Reached XP level 2. HP: 8/25 MP: 4/4
   124 | D:6      | Reached XP level 3. HP: 25/30 MP: 5/5
   262 | D:6      | Reached skill level 4 in Unarmed Combat
   444 | D:6      | Noticed a phantom
   489 | D:6      | Killed a phantom
   490 | D:6      | Reached XP level 4. HP: 11/37 MP: 6/6
   605 | D:6      | Noticed a water moccasin
   688 | D:6      | Reached skill level 5 in Unarmed Combat
   688 | D:6      | Reached XP level 5. HP: 37/42 MP: 7/7
   816 | D:6      | Reached skill level 6 in Unarmed Combat
   952 | D:6      | Reached XP level 6. HP: 48/50 MP: 8/8
   975 | D:6      | Identified the +1 leather armour "Zanen" {Harm Regen+ Int+4
                  | Slay+2}
  1083 | D:5      | Noticed Menkaure
  1140 | D:5      | Reached skill level 7 in Unarmed Combat
  1224 | D:5      | Noticed a two-headed ogre
  1273 | D:5      | Noticed a two-headed ogre
  1540 | D:2      | Noticed Jessica
  1547 | D:2      | Killed Jessica
  1548 | D:2      | Reached XP level 7. HP: 56/56 MP: 9/9
  1730 | D:2      | Found Vuaf Osi's Antique Weapon Emporium.
  1788 | D:2      | Learned a level 3 spell: Ozocubu's Armour
  2079 | D:3      | Noticed Robin
  2095 | D:3      | Killed Robin
  3333 | D:4      | Noticed Duvessa
  3333 | D:4      | Noticed Dowan
  3693 | D:4      | Killed Duvessa
  3700 | D:4      | Killed Dowan
  3903 | D:5      | Reached skill level 8 in Unarmed Combat
  3927 | D:5      | Noticed Grinder
  3981 | D:5      | Paralysed by Grinder for 5 turns
  3991 | D:5      | Paralysed by Grinder for 3 turns
  3997 | D:5      | Killed Grinder
  3998 | D:5      | Reached XP level 8. HP: 66/66 MP: 11/11
  4063 | D:5      | Killed a two-headed ogre
  4064 | D:5      | Reached skill level 9 in Unarmed Combat
  4160 | D:5      | Killed a two-headed ogre
  4161 | D:5      | Reached skill level 5 in Fighting
  4161 | D:5      | Reached XP level 9. HP: 74/74 MP: 13/13
  4402 | D:5      | Killed Menkaure
  4767 | D:6      | Reached skill level 10 in Unarmed Combat
  4954 | D:6      | Reached skill level 5 in Dodging
  4969 | D:6      | Upgraded the game from 0.30-a0-528-g8c47a4955b to
                  | 0.30-a0-534-gdc55766716
  5202 | D:7      | Found a staircase to the Ecumenical Temple.
  6038 | D:8      | Found a sand-covered staircase.
  6050 | Ossuary  | Entered an ossuary
  6419 | Ossuary  | Reached skill level 11 in Unarmed Combat
  6598 | D:8      | Reached XP level 10. HP: 84/84 MP: 14/14
  6609 | D:8      | Noticed Gastronok
  6811 | D:8      | Noticed Erica
  7097 | D:8      | Killed Erica
  7274 | D:8      | Learned a level 5 spell: Blade Hands
  7531 | D:8      | Killed Gastronok
  7776 | D:8      | Reached skill level 12 in Unarmed Combat
  7796 | D:9      | Found a staircase to the Lair.
  7803 | D:9      | Noticed Prince Ribbit
  7865 | D:9      | Killed Prince Ribbit
  8570 | D:9      | Reached skill level 5 in Transmutations
  8633 | D:9      | Reached XP level 11. HP: 79/91 MP: 15/15
  8783 | D:9      | Found a staircase to the Orcish Mines.
  9546 | D:9      | Learned a level 2 spell: Passwall
  9655 | D:10     | Entered Level 10 of the Dungeon
  9669 | D:10     | Found Caweew's Jewellery Boutique.
  9675 | D:10     | Noticed a two-headed ogre
 10214 | D:9      | Killed a two-headed ogre
 10215 | D:9      | Reached skill level 13 in Unarmed Combat
 10280 | D:10     | Bought the ring "Libat" {Drain rElec Int+6 SInv Stlth+} for
                  | 504 gold pieces
 10342 | D:10     | Gained mutation: Armour fits poorly on your strangely
                  | shaped body. [mutagenic glow]
 10587 | D:11     | Noticed a boulder beetle
 10744 | D:11     | Killed a boulder beetle
 10752 | D:11     | Identified the +6 flail "Tormentor" {freeze, *Rage rElec
                  | Str+4 Int+4}
 10755 | D:11     | Identified the +5 dagger of Linearity {drain, rN++ Str+2}
 10819 | D:11     | Noticed Erolcha
 11033 | Lair:1   | Entered Level 1 of the Lair of Beasts
 11893 | Lair:2   | Found a staircase to the Swamp.
 12136 | Lair:2   | Reached skill level 14 in Unarmed Combat
 12326 | Lair:2   | Noticed Maggie
 12335 | Lair:2   | Killed Maggie
 12336 | Lair:2   | Reached XP level 12. HP: 95/97 MP: 10/16
 12928 | Lair:3   | Noticed Fannar
 12989 | Lair:3   | Noticed a five-headed hydra
 13105 | Lair:3   | Noticed Urug
 13115 | Lair:3   | Killed Fannar
 13126 | Lair:3   | Killed Urug
 13275 | Lair:3   | Killed a five-headed hydra
 13481 | Lair:3   | Reached skill level 10 in Transmutations
 13534 | Lair:3   | Reached skill level 15 in Unarmed Combat
 13581 | Lair:3   | Found a staircase to the Snake Pit.
 13640 | Lair:3   | You fall into a shaft and drop 2 floors!
 13640 | Lair:5   | Entered Level 5 of the Lair of Beasts
 13709 | Lair:4   | Noticed a seven-headed hydra
 13712 | Lair:4   | Killed a seven-headed hydra
 14722 | Lair:4   | Reached XP level 13. HP: 87/104 MP: 12/17
 14781 | Lair:4   | HP: 3/156 [seven-headed hydra (11)]
 14781 | Lair:4   | Slain by a seven-headed hydra

Illustrated notes

Levels and vault maps discovered:
D:1:      sevenhm_arrival_forest_fort_small_5, layout_basic,
          minmay_misc_feat_hallway
D:2:      layout_rooms, serial_shops, nicolae_lakefront_shop, uniq_jessica
D:3:      layout_loops_ring, serial_bayou_crossing, uniq_robin
D:4:      layout_cave_pools, nicolae_overflow_crystal_walls, uniq_duvessa
D:5:      layout_cave_pools, elyvilon_altar_3, uniq_menkaure, uniq_grinder
D:6:      layout_basic, st_stairs_8
D:7:      layout_basic, minmay_temple_entry_drinking_statues
D:8:      layout_basic, gup_ossuary_entry_pyramid,
          chequers_serial_rivers_room_b, serial_bayou_pond_b, uniq_erica,
          uniq_gastronok
D:9:      layout_grid_maze, mainiacjoe_overflow_surrounded_room,
          nicolae_overflow_hidden_temple, due_lair_maze_entry_diamond,
          zombieorc2_lemuel, minmay_misc_feat_four_crosses, serial_bayou_ford_a,
          uniq_prince_ribbit1
D:10:     layout_small_grid, serial_shops, shop
D:11:     layout_cross, uniq_erolcha
Lair:1:   layout_loops_ring, beast_lair_carwin_1, grunt_megastairs_2
Lair:2:   layout_loops_ring, minmay_swamp_entry_wisps, uniq_maggie
Lair:3:   layout_hall_layers, minmay_snake_entry_guardpost_small,
          grunt_forest_small_clearings, nicolae_lair_lindhole, uniq_fannar,
          uniq_urug
Lair:4:   layout_gridlike, chequers_serial_rivers_large_a,
          nicolae_lair_run_with_the_wolves, grunt_megastairs_1
Lair:5:   evil_forest, layout_cave_pods, dpeg_slime_entry_corner,
          lemuel_fruit_fields, lemuel_fruit_fields

Skill      XL: |  1  2  3  4  5  6  7  8  9 10 11 12 |
---------------+-------------------------------------+-----
Unarmed Combat | 3 4 5 6 7 8 9 11 12 14 15 | 15.8
Fighting       | 4 5 6 |  6.8
Dodging        | 3 4 6 |  6.3
Transmutations | 5 8 11 | 11.3
Stealth        | |  4.5
Spellcasting   | |  0.7

Action                   |  1- 3 |  4- 6 |  7- 9 | 10-12 | 13-15 || total
-------------------------+-------+-------+-------+-------+-------++-------
Melee: Unarmed           |    63 |    78 |   315 |   701 |    26 ||  1183
       Punch             |     1 |     2 |    13 |    77 |     2 ||    95
       Short sword       |       |       |    67 |       |       ||    67
       Dagger            |       |       |       |     5 |       ||     5
Throw: Boomerang         |     4 |     8 |    51 |     8 |       ||    71
       Dart              |       |     3 |    18 |    16 |       ||    37
       Javelin           |       |       |       |     7 |       ||     7
 Cast: Ozocubu's Armour  |       |       |     2 |       |       ||     2
       Blade Hands       |       |       |       |    25 |     1 ||    26
 Abil: End Transformatio |       |       |       |       |     1 ||     1
Evoke: Wand              |       |       |     6 |    29 |       ||    35
       Phantom mirror    |       |       |       |     1 |       ||     1
  Use: Scroll            |       |       |     1 |    18 |       ||    19
       Potion            |       |       |       |     6 |     1 ||     7
 Stab: Sleeping          |       |     7 |    11 |     9 |       ||    27
       Distracted        |       |       |       |     1 |       ||     1
Armor: Leather armour    |     7 |    17 |    88 |   119 |       ||   231
       Troll leather arm |       |       |       |    69 |     9 ||    78
Dodge: Dodged            |    40 |    38 |   168 |   416 |    24 ||   686

Table legend: (Time is in decaauts)
 A = Elapsed time spent in this place.
 B = Non-inter-level travel time spent in this place.
 C = Inter-level travel time spent in this place.
 D = Time resting spent in this place.
 E = Time spent auto-exploring this place.
 F = Levels seen in this place.
 G = Mean time per level.
                   A        B        C        D        E       F      G
               +--------+--------+--------+--------+--------+-----+--------+
         Total |  14643 |  13691 |    952 |   1585 |   7408 |  17 |  861.4 |
       Dungeon |  10554 |   9789 |    765 |   1277 |   4946 |  11 |  959.5 |
          Lair |   3671 |   3485 |    186 |    308 |   2283 |   5 |  734.2 |
       Ossuary |    417 |    417 |      0 |      0 |    179 |   1 |  417.0 |
               +--------+--------+--------+--------+--------+-----+--------+

Top non-repeatable levels by time:
     D:9: 1991 daAuts
     D:6: 1665 daAuts
     D:8: 1241 daAuts
     D:7: 1073 daAuts
  Lair:1: 1073 daAuts
    D:10: 1040 daAuts
  Lair:2: 976 daAuts
  Lair:3: 899 daAuts
     D:5: 866 daAuts
     D:1: 850 daAuts
     D:3: 702 daAuts
  Lair:4: 655 daAuts
     D:4: 543 daAuts
     D:2: 438 daAuts
 Ossuary: 417 daAuts
